 Dungeon Crawl Stone Soup version 0.28-a0-622-gbaef9634d7 (webtiles) character file.

Game seed: 5894025560104589043

39 ytrimaz the Chopper (level 3, 0/34 HPs)
             Began as a Hill Orc Monk on Oct 7, 2021.
             Succumbed to an adder's poison
             ... on level 2 of the Dungeon.
             The game lasted 00:02:35 (1589 turns).

ytrimaz the Chopper (Hill Orc Monk)                 Turns: 1589, Time: 00:02:36

Health: 0/34       AC:  3    Str: 14    XL:     3   Next: 45%
Magic:  3/3        EV: 12    Int: 10    God:
Gold:   40         SH:  0    Dex: 13    Spells: 2/2 levels left

rFire   . . .      SeeInvis .   a - +1 hand axe
rCold   . . .      Faith    .   (no shield)
rNeg    . . .      Spirit   .   b - +1 robe
rPois   .          Reflect  .   (no helmet)
rElec   .          Harm     .   (no cloak)
rCorr   .          Rampage  .   (no gloves)
Will    .....                   (no boots)
Stlth   ++........              (no amulet)
HPRegen 0.11/turn               (no ring)
MPRegen 0.08/turn               (no ring)

@: lethally poisoned (0 -> -2)
A: no striking features
a: no special abilities


You were on level 2 of the Dungeon.
You visited 1 branch of the dungeon, and saw 2 of its levels.

You collected 40 gold pieces.

Inventory:

Hand Weapons
 a - a +1 hand axe (weapon)
Armour
 b - a +1 robe (worn)


   Skills:
 + Level 4.3 Fighting
 * Level 4.8 Axes
 + Level 2.6 Dodging
 + Level 1.6 Stealth


You had 2 spell levels left.
You didn't know any spells.
Your spell library contained the following spells:

 Spells                   Type           Power      Damage    Failure   Level
 Ensorcelled Hibernation  Hex/Ice        0%         N/A       50%         2
 Sublimation of Blood     Necr           0%         N/A       50%         2
 Tukima's Dance           Hex            0%         N/A       75%         3
 Petrify                  Tmut/Erth      0%         N/A       98%         4
 Irradiate                Conj/Tmut      0%         3d13      100%        5


Dungeon Overview and Level Annotations

Branches:
Dungeon (2/15)

Altars:


Message History

The worm is heavily wounded.
The adder barely misses you. The worm closely misses you.
You hit the worm.
The worm is severely wounded.
You barely miss the adder. The adder bites you.
You hit the worm but do no damage.
The worm is severely wounded.
You miss the adder. The adder bites you.
You are poisoned.
The adder poisons you! The worm barely misses you.
You slash the worm!
You kill the worm!
You closely miss the adder.
You feel sick. The adder bites you.
You are more poisoned.
The adder poisons you! The adder bites you.
You feel sick. The adder bites you.
* * * LOW HITPOINT WARNING * * *
You see here a worm corpse.
It was a potion of cancellation.
You feel magically purged.
* * * LOW HITPOINT WARNING * * *
You feel sick. The adder barely misses you.
Unknown command.
You aren't carrying any potions.
This is a scroll of acquirement!
Something appears at your feet!
* * * LOW HITPOINT WARNING * * *
You feel sick. The adder barely misses you. x2
As you read the scroll labelled ZOFEAM OTRI, it crumbles to dust.
It is a scroll of enchant armour.
Your +0 robe glows green for a moment.
* * * LOW HITPOINT WARNING * * *
You feel sick. The adder closely misses you.
As you read the scroll labelled FAONTO CESCHANE, it crumbles to dust.
The scroll dissolves into smoke.
It was a scroll of fog.
* * * LOW HITPOINT WARNING * * *
You feel sick. The adder completely misses you.
As you read the scroll labelled WEANNUITRI, it crumbles to dust.
It is a scroll of enchant weapon.
Your +0 hand axe glows red for a moment.
You die...

#. #...# #.
.####...#### #.
............##########.
........ ............
...... #####..###.
##...## #......
##.§S§§## ###..###.
#.#§@§#.# #........
#.§§§.# #.#..#...
##§§§## #.#..#...
########.## #.#......
#........### #.####..#
...#####....#
####.####..#
#..#)###..........<
#...........#.#####
#..#.###....#.#


You could see an adder.

Vanquished Creatures
  A worm (D:2)
  2 dart slugs (D:1)
  2 ball pythons (D:1)
  6 endoplasms (D:1)
  2 giant cockroaches
  2 goblins (D:1)
  3 hobgoblins (D:1)
  2 jackals (D:1)
  2 bats (D:1)
  3 frilled lizards (D:1)
  2 kobolds (D:1)
  A rat (D:1)
28 creatures vanquished.

Notes
Turn   | Place    | Note
-------+----------+-------------------------------------------
     0 | D:1      | ytrimaz the Hill Orc Monk began the quest for the Orb.
     0 | D:1      | Reached XP level 1. HP: 19/19 MP: 1/1
    34 | D:1      | Reached XP level 2. HP: 12/27 MP: 2/2
   871 | D:1      | Reached XP level 3. HP: 24/34 MP: 3/3
  1139 | D:1      | Found a faded altar of an unknown god.
  1586 | D:2      | Identified a scroll of acquirement
  1586 | D:2      | Acquired 639 gold pieces
  1588 | D:2      | HP: 1/34 [poisoned by an adder]
  1589 | D:2      | Succumbed to an adder's poison

Illustrated notes

Levels and vault maps discovered:
D:1:      dpeg_arrival_rooms_a, layout_basic,
          dilly_ecumenical_altar_fadedgnrine, minmay_misc_feat_ornament,
          minmay_misc_feat_plants, minmay_misc_feat_secret_circle
D:2:      layout_loops_cross, serial_shops, shop, basic_altar

Skill      XL: |  1 |
---------------+----+-----
Fighting       | 4 |  4.3
Axes           | |  4.8
Dodging        | |  2.6
Stealth        | |  1.6

Action                   || total
-------------------------++-------
Melee: Hand axe          ||    77
  Use: Scroll            ||     4
       Potion            ||     1
Armor: Robe              ||    13
Dodge: Dodged            ||    64

Table legend: (Time is in decaauts)
 A = Elapsed time spent in this place.
 B = Non-inter-level travel time spent in this place.
 C = Inter-level travel time spent in this place.
 D = Time resting spent in this place.
 E = Time spent auto-exploring this place.
 F = Levels seen in this place.
 G = Mean time per level.
                   A        B        C        D        E       F      G
               +--------+--------+--------+--------+--------+-----+--------+
         Total |   1594 |   1564 |     30 |      0 |   1291 |   2 |  797.0 |
       Dungeon |   1594 |   1564 |     30 |      0 |   1291 |   2 |  797.0 |
               +--------+--------+--------+--------+--------+-----+--------+

Top non-repeatable levels by time:
     D:1: 1509 daAuts
     D:2: 84 daAuts
